Map: Cosmic Sapphire

Players

Bluefrost - Winner!

  • Race: Protoss Protoss
  • Spawn Location: 11:00

VOD

Have the link to the VOD?

Description

WOOPED EM AGAIN!!!!

Time

  • Played on: Oct. 31, 2022, 4:54 a.m.
  • Length: 5:08
Show
View Real Time Build Order
Export as new Build Order

Bluefrost Protoss - Winner!

Build Orders:  

Get SALT Encoding   

  12  0:04  Probe (Chrono Boost)  
  13  0:23  Probe (Chrono Boost)  
  14  0:32  Pylon  
  14  1:04  Forge  
  14  1:09  Probe (Chrono Boost)  
  15  1:28  Pylon  
  15  1:55  Photon Cannon  
  15  1:59  Photon Cannon  
  15  2:02  Photon Cannon  
  15  2:09  Photon Cannon  
  15  2:36  Pylon  
  15  3:06  Photon Cannon  
  15  3:11  Photon Cannon  
  15  3:16  Photon Cannon  
  15  3:26  Pylon  
  15  3:44  Pylon  
  15  3:56  Photon Cannon  
  15  3:59  Photon Cannon  
  15  4:17  Photon Cannon  
  15  4:29  Photon Cannon  
  15  4:46  Photon Cannon  
Tags
 
Add a new tag
Caveats
  • Supply blocks, unpowered buildings, or Contaminate may cause inaccurate times.
  • Supply counts are checked every 10 seconds.